 Dungeon Crawl Stone Soup version 0.31-a0-221-gbddc013574 (webtiles) character file.

Game seed: 3244032495438774064

67363 DavidChitty2 the Severer (level 14, -5/130 HPs)
             Began as a Minotaur Fighter on July 4, 2023.
             Was the Champion of Okawaru.
             Shot with an arrow by a centaur warrior (14 damage)
             ... on level 14 of the Dungeon.
             The game lasted 00:22:29 (18422 turns).

DavidChitty2 the Severer (Minotaur Fighter)        Turns: 18422, Time: 00:22:30

Health: -5/130     AC: 31    Str: 38    XL:     14   Next: 82%
Magic:  18/21      EV: 10    Int:  7    God:    Okawaru [******]
Gold:   2000       SH: 24    Dex:  9    Spells: 13/13 levels left

rFire   . . .        b - +4 demon whip (vamp)
rCold   + . .        o - +0 tower shield
rNeg    + + +        i - +0 plate armour
rPois   +            I - +1 hat
rElec   .            E - +2 cloak {rPois}
rCorr   .            L - +2 pair of gloves
SInv    .            K - +2 pair of boots "Tysuag" {Str+5 Stlth+}
Will    ++...        w - amulet of Tuuruh {Reflect rPois Int+2 SH+5} Stlth
                     h - +6 ring of strength
HPRegen 0.41/turn    d - ring of Ysir {Contam rPois rC+ rN+++ Will+, =R}
MPRegen 0.17/turn

%: reflection
@: heroic, finesse-ful
A: horns 2, retaliatory headbutt
a: Renounce Religion, Heroism, Finesse, Duel


You were on level 14 of the Dungeon.
You worshipped Okawaru.
Okawaru was exalted by your worship.
You visited 3 branches of the dungeon, and saw 20 of its levels.

You collected 2000 gold pieces.

Inventory:

Hand Weapons
 a - a +1 war axe of chaos
 b - a +4 vampiric demon whip (weapon)
   (Okawaru gifted it to you on level 9 of the Dungeon)
Armour
 i - a +0 plate armour (worn)
   (You took it off an orc warrior on level 5 of the Dungeon)
 o - a +0 tower shield (worn)
   (You found it on level 6 of the Dungeon)
 E - a +2 cloak of poison resistance (worn)
   (You took it off Maurice on level 9 of the Dungeon)
 I - a +1 hat (worn)
   (You took it off Gastronok on level 2 of the Lair of Beasts)
 K - the +2 pair of boots "Tysuag" (worn) {Str+5 Stlth+}
   (Okawaru gifted it to you on level 2 of the Lair of Beasts)

   Str:       It affects your strength (+5).
   Stlth:     It makes you more stealthy.
 L - a +2 pair of gloves (worn)
   (You found it on level 4 of the Lair of Beasts)
Jewellery
 d - the ring of Ysir (right hand) {Contam rPois rC+ rN+++ Will+, =R}
   (You took it off an orc on level 4 of the Dungeon)

   [ring of willpower]

   rC:        It protects you from cold.
   rPois:     It protects you from poison.
   rN:        It renders you almost immune to negative energy.
   Contam:    It causes magical contamination when unequipped.
   Will:      It increases your willpower.
 h - a +6 ring of strength (left hand)
   (You found it on level 1 of the Dungeon)
 w - the amulet of Tuuruh (around neck) {Reflect rPois Int+2 SH+5}
   (You acquired it on level 10 of the Dungeon)

   [amulet of reflection]

   It reflects blocked missile attacks.
   Int:       It affects your intelligence (+2).
   rPois:     It protects you from poison.
   SH:        It affects your SH (+5).
 H - a ring of resist corrosion
   (You found it on level 1 of the Lair of Beasts)
 M - a ring of fire
   (You found it on level 5 of the Lair of Beasts)
Wands
 c - a wand of roots (17)
   (You found it on level 7 of the Dungeon)
 q - a wand of mindburst (19)
   (You took it off an orc priest on level 7 of the Dungeon)
 t - a wand of flame (9)
   (You found it on level 4 of the Lair of Beasts)
 v - a wand of digging (2)
   (You found it on level 9 of the Dungeon)
 B - a wand of quicksilver (13)
   (You took it off an orc on level 9 of the Dungeon)
Scrolls
 f - 3 scrolls of enchant weapon
 g - 4 scrolls of fog
 j - 3 scrolls of immolation {!r}
 m - 4 scrolls of poison {!r}
 n - 4 scrolls of revelation
 p - 4 scrolls of teleportation {@r4}
 y - a scroll of blinking
 G - 3 scrolls of enchant armour
 N - a scroll of vulnerability {!r}
 O - 2 scrolls of identify {@r1}
 P - a scroll of fear
Potions
 e - 6 potions of lignification {!q}
 k - 4 potions of magic
 l - 8 potions of curing {@q1}
 r - a potion of ambrosia {unknown}
 s - 9 potions of attraction {!q}
 u - 2 potions of cancellation {unknown}
 x - 2 potions of brilliance
 z - 4 potions of heal wounds {unknown}
 A - 4 potions of haste {@q3}
 C - 4 potions of might
 D - 3 potions of berserk rage
 F - 3 potions of mutation {!q}
 J - 2 potions of enlightenment


   Skills:
 + Level 13.9(18.9) Fighting
 - Level 18.0(23.0) Axes
 + Level 13.9(18.9) Armour
 + Level 13.5(18.5) Shields
 + Level 10.8 Invocations


You had 13 spell levels left.
You didn't know any spells.
Your spell library contained the following spells:

 Spells                   Type           Power      Damage    Failure   Level
 Magic Dart               Conj           0%         1d3       93%         1
 Scorch                   Fire           0%         2d5       98%         2
 Mephitic Cloud           Conj/Pois/Air  0%         N/A       100%        3
 Ozocubu's Armour         Ice            0%         N/A       100%        3
 Vhi's Electric Charge    Tloc/Air       0%         N/A       100%        3
 Flame Wave               Conj/Fire      0%         2d4       100%        4
 Arcjolt                  Conj/Air       0%         1d10      100%        5
 Metabolic Englaciation   Hex/Ice        0%         N/A       100%        5
 Conjure Ball Lightning   Conj/Air       0%         3x3d6     100%        6
 Plasma Beam              Fire/Air       0%         2x1d10    100%        6
 Discord                  Hex            0%         N/A       100%        8
 Disjunction              Tloc           0%         N/A       100%        8
 Call Imp                 Summ           Unusable   N/A       N/A         2
 Simulacrum               Ice/Necr       Unusable   N/A       N/A         6
 Summon Cactus Giant      Summ           Unusable   N/A       N/A         6

Dungeon Overview and Level Annotations

Branches:
Dungeon (14/15)            Temple (1/1) D:4            Lair (5/5) D:10
 Shoals (0/4) Lair:3        Snake (0/4) Lair:3        Slime (0/5) Lair:5
    Orc (0/2) D:10         Vaults (0/5) D:13

Altars:
Ashenzari
Cheibriados
Dithmenos
Elyvilon
Fedhas
Gozag
Hepliaklqana
Kikubaaqudgha
Makhleb
Nemelex Xobeh
Okawaru
Qazlal
Ru
Sif Muna
Trog
Uskayaw
Vehumet
Wu Jian
Xom
Yredelemnul
Zin
The Shining One
Jiyva

Portals:
Abyss: D:5

Annotations:
D:5 2 transporters, nono's ghost, amateur AtFi
D:10 exclusion: statue
D:11 2 transporters, Thantalas's ghost, journeyman GrFE


Innate Abilities, Weirdness & Mutations

You have a pair of horns on your head.
You reflexively headbutt those who attack you in melee.


Message History

The freezing wraith hits you but does no damage. x2
You block the freezing wraith's attack.
The freezing wraith hits you but does no damage.
The freezing wraith completely misses you.
Okay, then.
Blink to where?
Press: ? - help, Dir - move target
As you read the scroll of blinking, it crumbles to dust.
The centaur shoots an arrow.
The arrow barely misses you.
The howler monkey hoots and howls with incredible vigour!
Blink to where?
Press: ? - help, Dir - move target
As you read the scroll of blinking, it crumbles to dust.
Something unseen breaks down the door.
The vampire mosquito closely misses you.
The centaur wields a +3 orcbow of draining.
You sense an unholy aura.
The centaur shoots an arrow.
You block the arrow with an invisible shield... and reflect it back!
The arrow hits the centaur!
The vampire mosquito bites you!
* * * LOW HITPOINT WARNING * * *
The vampire mosquito bites you!
* * * LOW HITPOINT WARNING * * *
The centaur shoots an arrow.
You block the arrow with an invisible shield... and reflect it back!
The arrow hits the centaur!
You kill the centaur!
Okawaru accepts your kill.
Blink to where?
Press: ? - help, Dir - move target
As you read the scroll of blinking, it crumbles to dust.
You feel yourself speed up.
Clearing monster memory.
You close the door.
A centaur warrior opens the door.
The centaur warrior wields a +0 shortbow.
The centaur warrior shoots an arrow.
You block the arrow with an invisible shield... and reflect it back!
The arrow hits the centaur warrior.
The centaur warrior shoots an arrow.
The arrow barely misses you.
The centaur warrior shoots an arrow.
You block the arrow with an invisible shield... and reflect it back!
The arrow hits the centaur warrior!
The vampire mosquito bites you but does no damage.
Press: ? - help, Shift-Dir - straight line You can't see that place. [the floor.]
The rock shatters into small pieces.
You block the vampire mosquito's attack.
The centaur warrior shoots an arrow.
The arrow hits you!
You die...

############
...........##### ######
.......<.......# #....####
...............# #........
...............# #........
...............#####........
............................
##########.##...............
#..........@#...............
#..........y#...............
##..........#...##+#########
.....#..........#...#
##....#.......^..#...#
.#....#..........#...#
.#....#..........#...#
.#....#..cc.######...#
.#....#.....#........#


You could see a centaur warrior, a vampire mosquito (summoned) and a centaur.

Vanquished Creatures
  Rupert (D:12)
  Gastronok (Lair:2)
  Kirke (Lair:4)
  An entropy weaver (shapeshifter) (D:13)
  6 hydras
  A catoblepas (Lair:5)
  3 centaur warriors (D:13)
  A boulder beetle (D:13)
  A deep troll shaman (Lair:5)
  A two-headed ogre (D:10)
  5 death yaks (Lair:5)
  5 skeletal warriors (D:13)
  A skyshark (Lair:4)
  A fire crab (Lair:5)
  A deep troll (shapeshifter) (D:13)
  An orc knight (D:13)
  3 harpies (Lair:3)
  Pikel (D:9)
  A lindwurm (Lair:5)
  A deep elf pyromancer (D:13)
  3 manticores
  3 cyclopes
  Joseph (D:9)
  16 elephants
  Maurice (D:9)
  A guardian serpent (shapeshifter) (D:13)
  7 black mambas
  A centaur zombie (D:7)
  12 cane toads
  4 centaur skeletons (D:7)
  A gargoyle (D:11)
  2 rime drakes
  Psyche (D:10)
  2 kobold demonologists (D:12)
  2 unseen horrors
  8 komodo dragons
  An efreet (D:13)
  A troll (D:9)
  2 hellwings (D:6)
  11 polar bears
  A hornet (D:10)
  Grinder (D:6)
  Prince Ribbit (D:9)
  13 dream sheep
  9 blink frogs
  A meliai zombie (D:7)
  A shadow (D:5)
  2 wraiths
  49 yaks
  A hog (Lair:4)
  A basilisk (shapeshifter) (D:13)
  2 humans (Lair:5)
  4 wyverns
  A steam dragon (D:8)
  2 basilisks
  Menkaure (D:6)
  2 acid dragons
  21 water moccasins
  6 black bears
  13 orc warriors
  2 sky beasts (D:7)
  A boggart (D:14)
  3 ogres
  5 wolves (Lair:5)
  2 lemures (D:9)
  6 centaurs
  3 kobold brigands
  Blork the orc (D:6)
  14 bullfrogs
  4 scorpions
  7 killer bees
  7 howler monkeys
  An electric eel (Lair:4)
  6 hounds
  2 jellies
  Crazy Yiuf (D:4)
  7 orc priests
  5 gnoll boudas
  7 iguanas
  2 sleepcaps
  A boggart zombie (D:7)
  6 orc wizards
  16 gnolls
  8 adders
  4 shadow imps
  2 white imps
  An ufetubus (D:5)
  2 dart slugs
  62 orcs
  8 bats
  8 endoplasms
  3 giant cockroaches
  7 goblins
  4 hobgoblins
  2 jackals (D:2)
  2 quokkas (D:4)
  3 ball pythons
  4 frilled lizards
  12 kobolds
  5 rats
495 creatures vanquished.

Vanquished Creatures (others)
  A blink frog (Lair:5)
  An orc wizard (D:4)
2 creatures vanquished.

Grand Total: 497 creatures vanquished

Notes
Turn   | Place    | Note
-------+----------+-------------------------------------------
     0 | D:1      | DavidChitty2 the Minotaur Fighter began the quest for the
                  | Orb.
     0 | D:1      | Reached XP level 1. HP: 19/19 MP: 0/0
   255 | D:1      | Reached XP level 2. HP: 27/27 MP: 1/1
   256 | D:1      | Noticed a great orb of eyes
   260 | D:1      | Found a faded altar of an unknown god.
   265 | D:1      | Noticed a shining eye
   265 | D:1      | Noticed a floating eye
   265 | D:1      | Noticed a floating eye
   344 | D:1      | Reached skill level 3 in Axes
   613 | D:1      | Reached XP level 3. HP: 33/33 MP: 2/2
  1383 | D:3      | Noticed a scorpion
  1389 | D:3      | Killed a scorpion
  1390 | D:3      | Reached skill level 4 in Axes
  1390 | D:3      | Reached XP level 4. HP: 41/41 MP: 3/3
  1498 | D:3      | Reached XP level 5. HP: 27/47 MP: 4/4
  1740 | D:3      | Found a shimmering altar of Xom.
  2204 | D:4      | Identified the +4 helmet of Haehaxt {rElec rF+ rCorr MP-9}
  2279 | D:4      | Found a staircase to the Ecumenical Temple.
  2287 | Temple   | Entered the Ecumenical Temple
  2395 | Temple   | Became a worshipper of Warmaster Okawaru
  2669 | D:4      | Reached skill level 5 in Axes
  2722 | D:4      | Identified the ring of Ysir {Contam rPois rC+ rN+++ Will+}
  2731 | D:4      | Reached XP level 6. HP: 49/55 MP: 5/5
  2877 | D:4      | Found a runed translucent door.
  2888 | D:4      | Noticed Crazy Yiuf
  2896 | D:4      | Killed Crazy Yiuf
  2897 | D:4      | Reached skill level 1 in Invocations
  3208 | D:5      | Entered Level 5 of the Dungeon
  3217 | D:5      | Reached skill level 5 in Fighting
  3217 | D:5      | Reached skill level 5 in Armour
  3217 | D:5      | Reached skill level 5 in Shields
  3360 | D:5      | Found a one-way gate to the infinite horrors of the Abyss.
  3360 | D:5      | Noticed nono's ghost (amateur AtFi)
  3391 | D:5      | Reached XP level 7. HP: 60/61 MP: 7/7
  3442 | D:5      | Reached skill level 6 in Axes
  3553 | D:5      | Noticed a shadow
  3558 | D:5      | Killed a shadow
  3558 | D:5      | Reached * piety under Okawaru
  3922 | D:5      | Found a transporter.
  3927 | D:5      | Found a transporter.
  4196 | D:5      | Reached skill level 7 in Axes
  4382 | D:5      | Reached XP level 8. HP: 43/70 MP: 8/8
  4789 | D:6      | Noticed Blork the orc
  4794 | D:6      | Killed Blork the orc
  4794 | D:6      | Reached ** piety under Okawaru
  4811 | D:6      | Noticed Menkaure
  4815 | D:6      | Killed Menkaure
  4983 | D:6      | Reached skill level 8 in Axes
  5147 | D:6      | Noticed Grinder
  5150 | D:6      | Killed Grinder
  5368 | D:6      | Found an ornate altar of the Wu Jian Council.
  5743 | D:7      | Reached XP level 9. HP: 78/78 MP: 10/10
  5770 | D:7      | Found a blossoming altar of Fedhas.
  5809 | D:7      | Reached skill level 9 in Axes
  5892 | D:7      | Found a shadowy altar of Dithmenos.
  5899 | D:7      | Reached *** piety under Okawaru
  5909 | D:7      | Noticed a hellwing
  5910 | D:7      | Noticed a hellwing
  6093 | D:6      | Killed a hellwing
  6104 | D:6      | Killed a hellwing
  6111 | D:7      | Reached skill level 10 in Axes
  6115 | D:7      | Reached **** piety under Okawaru
  6116 | D:7      | Reached skill level 5 in Invocations
  6123 | D:7      | Reached XP level 10. HP: 72/88 MP: 12/12
  6724 | D:8      | Reached skill level 11 in Axes
  6888 | D:8      | Reached ***** piety under Okawaru
  7716 | D:9      | Noticed Pikel
  7729 | D:9      | Killed Pikel
  7865 | D:9      | Noticed Joseph
  7875 | D:9      | Killed Joseph
  8244 | D:9      | Found a snail-covered altar of Cheibriados.
  8248 | D:9      | Found a sacrificial altar of Ru.
  8251 | D:9      | Found a white marble altar of Elyvilon.
  8257 | D:9      | Found a hazy altar of Hepliaklqana.
  8323 | D:9      | Reached skill level 12 in Axes
  8339 | D:9      | Reached XP level 11. HP: 91/97 MP: 8/14
  8588 | D:9      | Noticed Prince Ribbit
  8604 | D:9      | Killed Prince Ribbit
  8801 | D:9      | Received a gift from Okawaru
  8842 | D:9      | Noticed Maurice
  8861 | D:9      | Killed Maurice
  9324 | D:10     | Entered Level 10 of the Dungeon
  9346 | D:10     | Identified a scroll of acquirement
  9346 | D:10     | Acquired the amulet of Tuuruh {Reflect rPois Int+2 SH+5}
  9358 | D:10     | Noticed a two-headed ogre
  9369 | D:10     | Killed a two-headed ogre
  9423 | D:10     | Noticed Psyche
  9430 | D:10     | Killed Psyche
  9431 | D:10     | Reached skill level 13 in Axes
  9610 | D:10     | Found a staircase to the Lair.
  9681 | D:10     | Found a staircase to the Orcish Mines.
  9705 | D:10     | Reached skill level 10 in Fighting
  9789 | D:10     | Found an ancient bone altar of Kikubaaqudgha.
 10019 | D:10     | Identified the +1 leather armour of the Ladybird {Int+3}
 10125 | D:10     | Reached skill level 10 in Armour
 10144 | D:10     | Found a radiant altar of Vehumet.
 10574 | D:11     | Reached skill level 10 in Shields
 10647 | D:11     | Identified the +1 crystal plate armour of Poor Excuses
                  | {Harm rCorr Dex-3} (Okawaru gifted it to you on level 11 of
                  | the Dungeon)
 10647 | D:11     | Received a gift from Okawaru
 10703 | D:11     | Noticed a red ugly thing
 10707 | D:11     | Noticed Thantalas's ghost (journeyman GrFE)
 10713 | D:11     | Found a transporter.
 10814 | D:11     | Found a transporter.
 11082 | Lair:1   | Entered Level 1 of the Lair of Beasts
 11126 | Lair:1   | Reached XP level 12. HP: 107/107 MP: 16/16
 11224 | Lair:1   | Reached skill level 14 in Axes
 11287 | Lair:1   | You fall into a shaft and drop 1 floor!
 11738 | Lair:1   | Acquired 687 gold pieces
 11896 | Lair:2   | Noticed Gastronok
 11932 | Lair:2   | Killed Gastronok
 12040 | Lair:2   | Noticed an eight-headed hydra
 12049 | Lair:2   | Killed an eight-headed hydra
 12049 | Lair:2   | Identified the +2 pair of boots "Tysuag" {Str+5 Stlth+}
                  | (Okawaru gifted it to you on level 2 of the Lair of Beasts)
 12049 | Lair:2   | Received a gift from Okawaru
 12050 | Lair:2   | Reached skill level 15 in Axes
 12962 | Lair:3   | Found a staircase to the Snake Pit.
 12975 | Lair:3   | Reached XP level 13. HP: 117/117 MP: 18/18
 13030 | Lair:3   | Reached ****** piety under Okawaru
 13066 | Lair:3   | Found a staircase to the Shoals.
 13387 | Lair:3   | Reached skill level 16 in Axes
 13808 | Lair:3   | Identified the +0 chain mail of Feoreuxo {Dex+8} (Okawaru
                  | gifted it to you on level 3 of the Lair of Beasts)
 13808 | Lair:3   | Received a gift from Okawaru
 15082 | Lair:5   | Entered Level 5 of the Lair of Beasts
 15082 | Lair:5   | Noticed Kirke
 15122 | Lair:4   | Reached skill level 17 in Axes
 15125 | Lair:4   | Killed Kirke
 15248 | Lair:5   | Reached XP level 14. HP: 103/127 MP: 20/20
 15628 | Lair:5   | Received a gift from Okawaru
 15649 | Lair:5   | Found a staircase to the Slime Pits.
 15649 | Lair:5   | Found a viscous altar of Jiyva.
 15961 | Lair:5   | Reached skill level 10 in Invocations
 16822 | D:12     | Received a gift from Okawaru
 17031 | D:12     | Noticed Rupert
 17049 | D:12     | Killed Rupert
 17330 | D:12     | Found a sparkling altar of Nemelex Xobeh.
 17394 | D:13     | Reached skill level 18 in Axes
 17936 | D:13     | Found a gate to the Vaults.
 17946 | D:13     | Received a gift from Okawaru
 18410 | D:14     | HP: 3/130 [vampire mosquito[a boggart] (9)]
 18422 | D:14     | Shot with an arrow by a centaur warrior

Illustrated notes

Levels and vault maps discovered:
D:1:      minmay_arrival_doors, layout_loops_ring,
          hellmonk_ecumenical_altar_watching_god
D:2:      layout_loops_ring
D:3:      layout_basic, mainiacjoe_overflow_alcove_2
D:4:      layout_loops_cross, temple_green, uniq_crazy_yiuf_cottage
D:5:      layout_loops_corners, gammafunk_ghost_abyssal_escape,
          nicolae_houndstooth_variations
D:6:      layout_basic, mainiacjoe_overflow_cross_hatched, uniq_blork_the_orc,
          uniq_menkaure, uniq_grinder
D:7:      cheibrodos_grave_circle, layout_loops_ring,
          mainiacjoe_overflow_chevrons, lemuel_crystal_altar
D:8:      layout_gridville, kennysheep_another_room
D:9:      layout_basic, nicolae_overflow_macrodata_refinement, special_room
          [special_room_orc], uniq_pikel, uniq_prince_ribbit1, uniq_maurice,
          uniq_joseph
D:10:     layout_basic, vehumet_statue, kennysheep_mini_moat,
          grunt_lair_entry_orc_guard_hut, orc_0_dummy, dreamdust_gnoll_shepherd,
          uniq_psyche
D:11:     layout_roguey, gammafunk_ghost_arena
D:12:     layout_basic, nemelex_spade_bored_becter, uniq_rupert
D:13:     layout_roguey [special_room_orc], david_vaults_2,
          hangedman_abyss_or_decor_lesser_grid, nicolae_figureground_sparkle
D:14:     layout_irregular_city, nicolae_kite_square_tiling_tiny
Temple:   nicolae_temple_godzebo
Lair:1:   layout_roguey
Lair:2:   layout_gridlike, cheibrodos_lair_lostbears, uniq_gastronok
Lair:3:   layout_cave_pods, nicolae_shoals_entry_roost,
          minmay_snake_entry_six_corridors, grunt_megastairs_2
Lair:4:   layout_regular_city, serial_bayou_shore_a
Lair:5:   grunt_lair_end_beastmaster, layout_regular_city, slime_entry_1,
          grunt_megastairs_4, uniq_kirke

Skill      XL: |  1  2  3  4  5  6  7  8  9 10 11 12 13 14 |
---------------+-------------------------------------------+-----
Axes           | 3 4 5 7 8 10 12 13 15 17 18 | 18.0
Fighting       | 4 5 6 8 9 10 11 12 13 | 13.9
Armour         | 4 5 6 8 9 10 11 12 13 | 13.9
Shields        | 4 5 6 7 9 10 11 12 13 | 13.5
Invocations    | 1 2 3 5 6 7 8 9 10 | 10.8

Action                     |  1- 3 |  4- 6 |  7- 9 | 10-12 | 13-15 || total
---------------------------+-------+-------+-------+-------+-------++-------
  Melee: War axe           |    65 |   116 |   202 |   256 |       ||   639
         Headbutt          |    10 |    17 |    44 |   137 |   193 ||   401
         Demon whip        |       |       |       |   440 |   762 ||  1202
 Invoke: Heroism           |       |       |     3 |     3 |     4 ||    10
         Finesse           |       |       |       |     1 |     2 ||     3
  Evoke: Wand              |       |       |       |       |     1 ||     1
    Use: Scroll            |       |    12 |     2 |     9 |     7 ||    30
   Stab: Petrified         |       |       |       |       |    18 ||    18
         Petrifying        |       |       |       |       |     1 ||     1
 Armour: Scale mail        |    20 |    35 |     7 |       |       ||    62
         Plate armour      |       |       |   138 |   262 |   333 ||   733
  Dodge: Dodged            |    34 |    48 |    77 |   106 |   137 ||   402
  Block: Buckler           |    17 |    23 |    20 |       |       ||    60
         Tower shield      |       |       |   106 |   567 |   772 ||  1445
         Reflection        |       |       |       |     4 |    21 ||    25

Table legend: (Time is in decaauts)
 A = Elapsed time spent in this place.
 B = Non-inter-level travel time spent in this place.
 C = Inter-level travel time spent in this place.
 D = Time resting spent in this place.
 E = Time spent auto-exploring this place.
 F = Levels seen in this place.
 G = Mean time per level.
                   A        B        C        D        E       F      G
               +--------+--------+--------+--------+--------+-----+--------+
         Total |  18152 |  17273 |    879 |    776 |  13177 |  20 |  907.6 |
       Dungeon |  12800 |  12234 |    566 |    765 |   9215 |  14 |  914.3 |
        Temple |    137 |    110 |     27 |      0 |     81 |   1 |  137.0 |
          Lair |   5213 |   4927 |    286 |     11 |   3881 |   5 | 1042.6 |
               +--------+--------+--------+--------+--------+-----+--------+

Top non-repeatable levels by time:
     D:5: 1574 daAuts
     D:9: 1481 daAuts
  Lair:3: 1189 daAuts
  Lair:2: 1181 daAuts
  Lair:5: 1156 daAuts
     D:6: 1141 daAuts
     D:8: 1120 daAuts
    D:10: 1092 daAuts
  Lair:4: 1029 daAuts
     D:4: 941 daAuts
     D:3: 890 daAuts
    D:13: 834 daAuts
     D:7: 820 daAuts
    D:12: 797 daAuts
     D:1: 694 daAuts
